 Dungeon Crawl Stone Soup version 0.22-a0-538-g76cc104 (webtiles) character file.

270 inc the Digger (level 6, -2/54 HPs)
             Began as an Octopode Earth Elementalist on June 23, 2018.
             Slain by an orc
             ... wielding a +0 dagger
              (3 damage)
             ... on level 4 of the Dungeon.
             The game lasted 00:05:56 (3793 turns).

inc the Digger (Octopode Earth Elementalist)        Turns: 3793, Time: 00:05:57

Health: -2/54      AC:  1    Str: 13    XL:     6   Next: 22%
Magic:  9/9        EV: 13    Int: 19    God:
Gold:   160        SH:  0    Dex: 12    Spells: 8/9 levels left

rFire    . . .     SeeInvis .   n - +0 dagger (venom)
rCold    . . .     Gourm    .   (no shield)
rNeg     . . .     Faith    .   (helmet restricted)
rPois    .         Spirit   .   (no amulet)
rElec    .         Reflect  .   j - ring of protection from magic
rCorr    .         Harm     .   (no ring)
MR       +....                  (no ring)
Stlth    ..........             (no ring)
HPRegen  0.18/turn              (no ring)
MPRegen  0.11/turn              (no ring)
                                (no ring)
                                (no ring)

@: berserking, very quick
A: almost no armour, stealthy swim, amphibious, 8 rings, constrict 8, camouflage
1, gelatinous body 1
a: no special abilities


You were on level 4 of the Dungeon.
You were not hungry.

You visited 1 branch of the dungeon, and saw 4 of its levels.

You collected 160 gold pieces.

Inventory:

Hand Weapons
 g - a +0 short sword
 i - a +0 dagger of flaming
 n - a +0 dagger of venom (weapon)
Missiles
 b - 97 stones (quivered)
Magical Staves
 r - an uncursed staff of summoning
Jewellery
 j - a ring of protection from magic (left tentacle)
 l - an uncursed ring of magical power {unknown}
 q - an uncursed ring of protection from magic
Wands
 p - a wand of random effects (23)
Scrolls
 d - 9 scrolls of identify {unknown}
 e - 2 scrolls of blinking {unknown}
 f - a scroll of remove curse {unknown}
 h - 2 scrolls of magic mapping {unknown}
 k - 2 scrolls of teleportation {unknown}
 m - a scroll of fog {unknown}
 o - a scroll of fear {unknown}
 t - a scroll of amnesia {unknown}
Comestibles
 c - 4 rations
 s - a chunk of flesh


   Skills:
 - Level 2.0 Dodging
 - Level 2.6 Stealth
 - Level 2.0 Spellcasting
   Level 1.0 Transmutations
 + Level 6.8 Earth Magic


You had 8 spell levels left.
You knew the following spells:

 Your Spells              Type           Power        Failure   Level  Hunger
a - Sandblast             Erth           ####..       1%          1    #......

Your spell library contained the following spells:

 Spells                   Type           Power        Failure   Level  Hunger
 Stone Arrow              Conj/Erth      ##....       13%         3    ###....
 Passwall                 Tmut/Erth      ###.....     5%          2    ###....
 Lee's Rapid Deconstruct  Erth           ####......   28%         5    ######.
 Petrify                  Tmut/Erth      ###.....     34%         4    #####..


Dungeon Overview and Level Annotations

Branches:
Dungeon (4/15)
 Temple: D:4-7

Altars:
Nemelex Xobeh

Annotations:
D:2 Sigmund


Innate Abilities, Weirdness & Mutations

You cannot wear most types of armour.
You are very stealthy in the water. (Stealth+)
You are amphibious.
You can wear up to eight rings at the same time.
You can use your tentacles to constrict eight enemies at once.
Your skin changes colour to match your surroundings (Stealth+).
Your rubbery body absorbs attacks. (AC +1, EV +1)


Message History

The orc hits you with a club.
* * * LOW HITPOINT WARNING * * *
Unknown command.
You hit the orc wizard but do no damage.
The orc wizard is poisoned.
Your grab misses the orc wizard. You constrict the hound.
You constrict the orc.
You kill the orc!
The orc wizard closely misses you. The hound misses you.
Unknown command.
It was a potion of berserk rage.
A red film seems to cover your vision as you go berserk!
You feel yourself moving faster!
You feel mighty!
You constrict the hound. The hound bites you.
* * * LOW HITPOINT WARNING * * *
The orc wizard casts a spell at you. The magic dart hits you!
* * * LOW HITPOINT WARNING * * *
The howler monkey hoots and howls with incredible vigour!
The orc hits you with a dagger.
You die...

$...........#.........#
......................#
......................#
......................#
.....................
.....................
.....##.#...........
...................
.####.....)@.......
##....oho......
#.......h........
..##.#....)...... #
#.#.........?#
........$.....
...#####.#.#### ..##
.#.# .#.#


You could see a howler monkey, a hound, an orc wizard and an orc.

Vanquished Creatures
  A howler monkey (D:2)
  An orc priest (D:3)
  Jessica (D:2)
  Terence (D:2)
  6 adders
  2 adder skeletons (D:4)
  2 dart slugs
  5 leopard geckos
  12 orcs
  6 giant cockroaches
  4 goblins
  4 hobgoblins
  6 jackals
  A quokka (D:2)
  4 bats
  4 frilled lizards
  6 kobolds
  10 rats
76 creatures vanquished.

Notes
Turn   | Place    | Note
-------+----------+-------------------------------------------
     0 | D:1      | inc the Octopode Earth Elementalist began the quest for the Orb.
     0 | D:1      | Reached XP level 1. HP: 11/11 MP: 3/3
   118 | D:1      | Reached XP level 2. HP: 5/17 MP: 0/5
   853 | D:1      | Reached skill level 4 in Earth Magic
  1298 | D:1      | Reached XP level 3. HP: 18/21 MP: 6/6
  1417 | D:2      | Found a sparkling altar of Nemelex Xobeh.
  1541 | D:2      | Reached skill level 5 in Earth Magic
  1541 | D:2      | Reached XP level 4. HP: 23/27 MP: 1/7
  1547 | D:2      | Noticed Sigmund
  1684 | D:2      | Noticed Terence
  1691 | D:2      | Noticed Jessica
  1696 | D:2      | Killed Jessica
  1735 | D:2      | Reached XP level 5. HP: 31/31 MP: 5/8
  2037 | D:2      | Killed Terence
  2363 | D:2      | Reached skill level 6 in Earth Magic
  3190 | D:3      | Reached XP level 6. HP: 16/36 MP: 5/9
  3793 | D:4      | HP: 1/54 [orc wizard/magic dart (9)]
  3793 | D:4      | Slain by an orc

Vault maps used:
D:1:      ncdulo_wetmaze
D:2:      first_ration, nemelex_spade_bored_becter, uniq_terence, uniq_sigmund,
          uniq_jessica

Skill      XL: |  1  2  3  4  5 |
---------------+----------------+-----
Earth Magic    | 4 5 6 |  6.8
Dodging        | |  2.0
Stealth        | |  2.6
Spellcasting   | |  2.0
Transmutations | |  1.0

Action                   |  1- 3 |  4- 6 || total
-------------------------+-------+-------++-------
Melee: Short sword       |    34 |       ||    34
       Constrict         |     9 |    28 ||    37
       Tentacles         |     4 |    17 ||    21
       Dagger            |     9 |    85 ||    94
 Cast: Sandblast         |    13 |    42 ||    55
  Use: Potion            |       |     1 ||     1
 Stab: Sleeping          |     4 |     8 ||    12
  Eat: Chunk             |     1 |     9 ||    10
Armor: Skin              |     4 |     6 ||    10
Dodge: Dodged            |    31 |    68 ||    99

Table legend:
 A = Spawn XP
 B = Non-spawn XP
 C = Spawn XP percentage of total XP
 D = Spawn monster count
 E = Non-spawn monster count
 F = Spawn count percentage of total count
 G = Total turns spent on level
                    A         B        C        D         E        F      G
               +---------+---------+-------+---------+---------+-------+---------
         Total |       0 |     387 |   0.0 |       0 |      76 |   0.0 |  3793
               +---------+---------+-------+---------+---------+-------+---------
           D:1 |       0 |      35 |   0.0 |       0 |      19 |   0.0 |  1452
           D:2 |       0 |     200 |   0.0 |       0 |      20 |   0.0 |  1190
           D:3 |       0 |     130 |   0.0 |       0 |      31 |   0.0 |  1058
           D:4 |       0 |      22 |   0.0 |       0 |       6 |   0.0 |    93
               +---------+---------+-------+---------+---------+-------+---------
